 Dungeon Crawl Stone Soup version 0.31-a0-185-g9dded2c639 (webtiles) character file.

Game seed: 5556472633039552563

165 qw the Skirmisher (level 5, -5/29 HPs)
             Began as a Deep Elf Hunter on June 22, 2023.
             Slain by a hobgoblin (6 damage)
             ... led by Robin
             ... on level 4 of the Dungeon.
             The game lasted 00:00:42 (2294 turns).

qw the Skirmisher (Deep Elf Hunter)                 Turns: 2294, Time: 00:00:43

Health: -5/29      AC:  6    Str: 10    XL:     5   Next: 21%
Magic:  7/7        EV:  9    Int: 14    God:
Gold:   164        SH:  0    Dex: 18    Spells: 4/4 levels left

rFire   . . .        Y - +0 shortbow
rCold   . . .        (shield currently unavailable)
rNeg    . . .        e - +0 scale mail
rPois   .            (no helmet)
rElec   .            (no cloak)
rCorr   .            (no gloves)
SInv    .            (no boots)
Will    .....        (no amulet)
Stlth   +            (no ring)
HPRegen 0.24/turn    (no ring)
MPRegen 0.10/turn

%: no passive effects
@: no status effects
A: no striking features
a: no special abilities


You were on level 4 of the Dungeon.
You visited 1 branch of the dungeon, and saw 4 of its levels.

You collected 164 gold pieces.


   Skills:
 - Level 1.5 Fighting
 + Level 8.7 Ranged Weapons
 - Level 2.4 Dodging
 - Level 1.2 Stealth


You had 4 spell levels left.
You didn't know any spells.
Your spell library was empty.

Inventory:

Hand Weapons
 Y - a +0 shortbow (weapon)
Armour
 e - a +0 scale mail (worn)
Scrolls
 a - a scroll of identify
 b - a scroll of revelation {unknown}
 h - a scroll of teleportation {unknown}
Potions
 c - 2 potions of degeneration {unknown}
 d - a potion of lignification {unknown}
 f - a potion of curing {unknown}
 g - a potion of resistance
 i - a potion of haste {unknown}
 j - a potion of heal wounds {unknown}

Dungeon Overview and Level Annotations

Branches:
Dungeon (4/15)
 Temple: D:4-7

Altars:
Kikubaaqudgha


Message History

The goblin is severely wounded.
The goblin hits you but does no damage.
A goblin comes into view. It is wielding a +0 dagger.
Robin throws the goblin at you!
You shoot an arrow. The arrow hits the goblin.
You kill the goblin!
The goblin hits you but does no damage.
You shoot an arrow. The arrow hits Robin!
Robin is heavily wounded.
Robin barely misses you. The goblin hits you with a +0 dagger.
A goblin comes into view. It is wielding a +0 club.
You shoot an arrow. The goblin shouts!
The arrow hits Robin.
Robin is heavily wounded.
Robin hits you with a +0 dagger. The goblin barely misses you. x2
You shoot an arrow. The arrow hits Robin.
Robin is almost dead.
Robin hits you with a +0 dagger. The goblin hits you with a +0 dagger.
The hobgoblin hits you.
You shoot an arrow. The arrow barely misses Robin.
The hobgoblin no longer looks unusually strong.
The goblin no longer looks unusually strong.
Robin hits you but does no damage. The goblin hits you but does no damage.
The hobgoblin hits you but does no damage.
You shoot an arrow. The arrow barely misses Robin.
The goblin no longer looks unusually strong.
Robin says, "A pitiful Elf like you will never find the ORB!"
Robin hits you with a +0 dagger. The goblin hits you but does no damage.
The hobgoblin hits you.
You shoot an arrow. The arrow closely misses Robin.
Robin hits you but does no damage. The goblin completely misses you.
The hobgoblin closely misses you.
Robin roars a battlecry!
The goblins go into a battle-frenzy!
The hobgoblin hits you. The goblin hits you with a +0 dagger.
You shoot an arrow. The arrow hits Robin.
You kill Robin!
The hobgoblin hits you.
You die...

#.## ##..##
######..#.######.#
#......###.......#
#.......#.########
.........##
#..####.##
#..####g#
#.....)@#
#######g# #g# #g#
#g# #)# #.# #.#


You could see a hobgoblin (strong) and 4 goblins.

Vanquished Creatures
  An orc priest (D:4)
  Robin (D:4)
  5 adders
  2 gnolls (D:1)
  A worm (D:3)
  5 orcs
  4 bats
  7 endoplasms
  5 giant cockroaches
  6 goblins
  5 hobgoblins
  4 kobolds
  5 ball pythons
  2 frilled lizards
  5 rats
58 creatures vanquished.

Notes
Turn   | Place    | Note
-------+----------+-------------------------------------------
     0 | D:1      | qw the Deep Elf Hunter began the quest for the Orb.
     0 | D:1      | Reached XP level 1. HP: 12/12 MP: 3/3
     0 | D:1      | 0 ||| qw: Version: 0.3-a-9-g12657ce
     0 | D:1      | 0 ||| qw: Game counter: 1699
     0 | D:1      | 0 ||| qw: Always use a shield: true
     0 | D:1      | 0 ||| qw: God list: Okawaru
     0 | D:1      | 0 ||| qw: Allow faded altars: false
     0 | D:1      | 0 ||| qw: Do Orc after D:15 true
     0 | D:1      | 0 ||| qw: Do second Lair branch before Depths: true
     0 | D:1      | 0 ||| qw: Lair rune preference: random
     0 | D:1      | 0 ||| qw: Plans: Normal
     0 | D:1      | 0 ||| PLANNING D:1-11
    60 | D:1      | Reached skill level 6 in Ranged Weapons
    60 | D:1      | Reached XP level 2. HP: 7/16 MP: 4/4
   587 | D:1      | 587 ||| UPGRADING to +0 scale mail.
   597 | D:1      | 597 ||| DROPPING +0 leather armour.
   598 | D:1      | 598 ||| READING 2 scrolls labelled NOLIOCEE QUOKU.
   599 | D:1      | 599 ||| READING scroll labelled MUESOUMIOD.
   600 | D:1      | 600 ||| DROPPING scroll of butterflies.
   653 | D:2      | Reached XP level 3. HP: 20/20 MP: 5/5
   858 | D:2      | Reached skill level 7 in Ranged Weapons
  1237 | D:2      | Reached XP level 4. HP: 25/25 MP: 6/6
  1465 | D:2      | 1465 ||| READING scroll labelled AWA DIFAWINNYR.
  1466 | D:2      | 1466 ||| DRINKING 2 sedimented coppery potions.
  1467 | D:2      | 1467 ||| DRINKING 2 fuming coppery potions.
  1468 | D:2      | 1468 ||| DROPPING potion of invisibility.
  1696 | D:3      | Reached skill level 8 in Ranged Weapons
  1788 | D:3      | Found an ancient bone altar of Kikubaaqudgha.
  2112 | D:3      | 2112 ||| READING scroll labelled VYOCKE PEURRODD.
  2113 | D:3      | 2113 ||| READING 2 scrolls of identify.
  2113 | D:3      | 2113 ||| IDENTIFYING emerald potion
  2114 | D:3      | 2114 ||| DROPPING potion of berserk rage.
  2138 | D:4      | 2138 ||| PLANNING SEWER
  2265 | D:4      | Reached XP level 5. HP: 29/29 MP: 7/7
  2279 | D:4      | Noticed Robin
  2293 | D:4      | HP: 6/29 [hobgoblin[Robin] (4)]
  2293 | D:4      | HP: 1/29 [goblin/+0 dagger[Robin] (5)]
  2294 | D:4      | Killed Robin
  2294 | D:4      | Slain by a hobgoblin

Levels and vault maps discovered:
D:1:      lightli_arrival_windingriver, layout_basic
D:2:      layout_loops_corners, grunt_decor_cap, serial_bayou_ford_a
D:3:      layout_loops_ring, lemuel_tele_altar
D:4:      layout_loops_corners, nicolae_ru_the_path_less_chosen,
          gup_sewer_entry_bowl, uniq_robin, uniq_sigmund

Skill      XL: |  1  2  3  4 |
---------------+-------------+-----
Ranged Weapons | 6 7 8 |  8.7
Fighting       | |  1.5
Dodging        | |  2.4
Stealth        | |  1.2

Action                     |  1- 3 |  4- 6 || total
---------------------------+-------+-------++-------
   Fire: Shortbow          |    66 |    78 ||   144
    Use: Scroll            |     2 |     3 ||     5
         Potion            |       |     2 ||     2
 Armour: Scale mail        |    10 |    18 ||    28
  Dodge: Dodged            |    15 |    17 ||    32

Table legend:
 A = Non-vault XP
 B = Vault XP
 C = Vault XP percentage of total XP
 D = Non-vault monster count
 E = Vault monster count
 F = Vault count percentage of total count
                 A         B        C        D         E       F
            +---------+---------+-------+---------+---------+-------
      Total |     226 |      26 |  10.3 |      52 |       6 |  10.3
            +---------+---------+-------+---------+---------+-------
        D:1 |      40 |       0 |   0.0 |      10 |       0 |   0.0
        D:2 |      67 |       0 |   0.0 |      17 |       0 |   0.0
        D:3 |      61 |       0 |   0.0 |      18 |       0 |   0.0
        D:4 |      58 |      26 |  31.0 |       7 |       6 |  46.2
            +---------+---------+-------+---------+---------+-------
